 Dungeon Crawl Stone Soup version 0.16-a0-4092-gb8933cd (webtiles) character file.

765872 timbw the Executioner (level 27, -1/216 (217) HPs)
             Began as a Vampire Fighter on Feb 23, 2015.
             Was the Champion of Makhleb.
             Killed by dispel undead
             ... invoked by Gloorx Vloq
              (40 damage)
             ... in Pandemonium on Feb 25, 2015.
             The game lasted 05:07:14 (38381 turns).

timbw the Executioner (Vampire Fighter)            Turns: 38381, Time: 05:07:14

HP:   -1/216 (217)  AC: 43    Str: 20      XL:     27
MP:   42/47         EV: 36    Int:  8 (11) God:    Makhleb [******]
Gold: 3299          SH:  0    Dex: 26      Spells: 9 memorised, 18 levels left

rFire  + + .     SeeInvis +     O - +3 executioner's axe (flame)
rCold  + . .     Clarity  .     g - +10 pearl dragon armour
rNeg   + + .     SustAb   .     (no shield)
rPois  +         Gourm    .     F - +1 helmet {Int+3}
rElec  .         Spirit   .     d - +0 cloak "Huviudul" {rF+ rN+ MR+ Int-2 Dex+4}
rCorr  .         Warding  .     i - +2 pair of gloves {Str+3}
rMut   +         Stasis   .     m - +1 pair of boots
MR     +++..                    E - amulet of resist mutation
Stlth  ++++......               f - ring "Giosi" {rPois rF+ rC+ MP+9 Dex+2}
                                R - ring of Robustness {AC+8}

@: about to teleport, phasing, regenerating quickly, repel missiles, extremely
resistant to hostile enchantments, stealthy
A: bottle blood, fangs 3, see invisible, unbreathing
a: Minor Destruction, Lesser Servant of Makhleb, Major Destruction, Greater
Servant of Makhleb, Renounce Religion
}: 7/15 runes: barnacled, slimy, silver, abyssal, demonic, dark, gossamer


You were in Pandemonium.
You worshipped Makhleb.
Makhleb was exalted by your worship.
You were full.

You visited 10 branches of the dungeon, and saw 60 of its levels.
You visited Pandemonium 2 times, and saw 20 of its levels.
You visited the Abyss 4 times.
You visited 1 bazaar.
You visited 1 ziggurat, and saw 10 of its levels.
You also visited: Labyrinth, Ice Cave and Volcano.

You collected 8236 gold pieces.
You spent 4937 gold pieces at shops.

Inventory:

Hand weapons
 O - a +3 executioner's axe of flaming (weapon)
Armour
 d - the +0 cloak "Huviudul" (worn) {rF+ rN+ MR+ Int-2 Dex+4}
   (You found it on level 2 of the Depths)

   It affects your intelligence (-2).
   It affects your dexterity (+4).
   It protects you from fire.
   It protects you from negative energy.
   It affects your resistance to hostile enchantments.
 g - a +10 pearl dragon armour (worn)
 i - a +2 pair of gloves of strength (worn)
 m - a +1 pair of boots (worn)
 F - a +1 helmet of intelligence (worn)
Rods
 w - a +7 rod of inaccuracy (15/15)
   (You found it on level 5 of the Vaults)
 D - a +3 rod of clouds (12/12)
   (You found it on level 6 of the Pits of Slime)
Jewellery
 b - an uncursed ring of teleport control
 f - the ring "Giosi" (right hand) {rPois rF+ rC+ MP+9 Dex+2}
   (You bought it in a shop on level 4 of the Orcish Mines)

   [ring of magical power]

   It affects your dexterity (+2).
   It protects you from fire.
   It protects you from cold.
   It protects you from poison.
   It affects your magic capacity (+9).
 k - the ring "Ymium" {rC+ rN++ Str-4 Slay-3 SInv}
   (You took it off a deep elf sorcerer on level 3 of the Elven Halls)

   [ring of see invisible]

   It affects your strength (-4).
   It affects your accuracy and damage with ranged weapons and melee attacks
   (-3).
   It protects you from cold.
   It greatly protects you from negative energy.
   It enhances your eyesight.
 n - the ring of Iwuawn {SustAb rN+ Int+3}
   (You found it on level 5 of a ziggurat)

   [ring of sustain abilities]

   It sustains your strength, intelligence and dexterity.
   It affects your intelligence (+3).
   It protects you from negative energy.
 v - the ring of Zin's Outrage {rF+ Stlth+}
   (You bought it in a shop on level 4 of the Orcish Mines)

   [ring of protection from fire]

   It protects you from fire.
   It makes you more stealthy.
 C - an uncursed ring of protection from cold
 E - an amulet of resist mutation (around neck)
 J - an uncursed amulet of clarity
 K - the amulet of Wuefijeos {Faith rElec rF- Int+3 Dex+3}
   (You found it on level 8 of a ziggurat)

   [amulet of faith]

   It allows you to gain divine favour quickly.
   It affects your intelligence (+3).
   It affects your dexterity (+3).
   It makes you vulnerable to fire.
   It insulates you from electricity.
 M - the ring of Nekh {+Blink +Fly EV+2}
   (You found it on level 8 of a ziggurat)

   [ring of evasion]

   It affects your evasion (+2).
   It lets you fly.
   It lets you blink.
 R - the ring of Robustness (left hand) {AC+8}
   (You took it off a deep elf fighter on level 3 of the Elven Halls)

   [ring of protection]

   It affects your AC (+8).
 S - the ring "Kuw Khuv" {+Inv Int+2}
   (You found it on level 4 of the Depths)

   [ring of invisibility]

   It affects your intelligence (+2).
   It lets you turn invisible.
 X - an uncursed amulet of resist corrosion
Magical devices
 a - a wand of heal wounds (6)
 G - a wand of heal wounds (3)
 P - a wand of disintegration (11)
 T - a wand of teleportation (2)
 W - a wand of digging (14)
 Z - a wand of cold (6)
Scrolls
 h - 3 scrolls of teleportation
 j - 15 scrolls of magic mapping
 l - 25 scrolls of remove curse
 q - 8 scrolls of identify
 t - 5 scrolls of recharging
 z - 4 scrolls of silence
 Q - 11 scrolls of fog
 V - 2 scrolls of blinking
 Y - 3 scrolls of fear
Potions
 e - 6 potions of might
 o - 2 potions of resistance
 p - a potion of heal wounds
 r - 17 potions of curing
 s - a potion of magic
 u - 11 potions of restore abilities
 x - a potion of flight
 y - a potion of brilliance
 A - 3 potions of invisibility
 H - 5 potions of haste
 I - 6 potions of agility
 L - a potion of cure mutation
 U - 3 potions of berserk rage
Miscellaneous
 c - a phial of floods
 B - a lamp of fire
 N - a fan of gales


   Skills:
 * Level 18.0 Fighting
 - Level 26.1 Axes
 - Level 12.4 Armour
 - Level 19.1 Dodging
 * Level 10.3 Stealth
   Level 2.6 Shields
 - Level 7.5 Spellcasting
 - Level 7.0 Hexes
 - Level 10.3 Charms
 - Level 11.6 Translocations
 * Level 9.6 Invocations
 - Level 13.3 Evocations


You had 18 spell levels left.
You knew the following spells:

 Your Spells              Type           Power        Failure   Level  Hunger
a - Passwall              Trmt/Erth      #.........   99%         3    ###....
b - Swiftness             Chrm/Air       ##......     12%         2    ##.....
c - Passage of Golubria   Tloc           N/A          4%          4    ####...
d - Apportation           Tloc           ###.......   1%          1    None
e - Animate Skeleton      Necr           N/A          65%         1    None
f - Spectral Weapon       Hex/Chrm       ###.....     4%          3    ###....
g - Blink                 Tloc           N/A          1%          2    ##.....
h - Phase Shift           Tloc           ###.......   14%         5    ######.
i - Repel Missiles        Chrm/Air       ##....       12%         2    ##.....


Dungeon Overview and Level Annotations

Branches:
Dungeon (15/15)            Temple (0/1) D:7            Lair (8/8) D:9
 Shoals (5/5) Lair:5       Spider (5/5) Lair:5        Slime (6/6) Lair:7
    Orc (4/4) D:11            Elf (3/3) Orc:3        Vaults (5/5) D:14
  Crypt (0/3) Vaults:2     Depths (5/5) D:15            Zot (4/5) Depths:5

Altars:
Dithmenos
Fedhas
Gozag
Kikubaaqudgha
Makhleb
Okawaru
Qazlal
Vehumet
Xom
Yredelemnul
Zin
The Shining One
Beogh
Jiyva
Lugonu

Shops:
D:10 [   Orc:1 [   Orc:4 *[?==   Shoals:5 **   Vaults:3 !   Depths:1 *
Depths:3 *([

Portals:
Hell: Depths:1 Depths:2 Depths:3 Depths:4 Depths:5
Abyss: Depths:4
Pandemonium: Depths:1 Depths:3

Annotations:
D:4 Sigmund
Pan Gloorx Vloq


Innate Abilities, Weirdness & Mutations

Your natural rate of healing is unusually fast.
You can bottle blood from corpses.
You have razor-sharp teeth.
You have supernaturally acute eyesight.
You can survive without breathing.


Message History

You feel strangely unstable. Gloorx Vloq gestures at you.
The poison arrow misses you.
Casting: Spectral Weapon
Confirm with . or Enter, or press ? or * to list all spells.
Aiming: Apportation
Press: ? - help Apport: a dark rune of Zot Yoink!
You pull the item towards yourself.
Gloorx Vloq misses you. Gloorx Vloq gestures at you.
The foul vapour engulfs you!
You pick up the dark rune and feel its power.
You now have 7 runes.
Press } to see all the runes you have collected.
You are engulfed in dark miasma.
* * * LOW HITPOINT WARNING * * *
Gloorx Vloq gestures at you.
You convulse!
You die...

#.#.#.#.#.#.#.#.#.#.#.#,*,*,*,*,*
#...##...#..##...#...#*,,*,,,**,,
#...#.#.#.#.##.......#*,*,*,*,*,,
#...#..#...###..§....#**,,,*,,*,,
#.#.#.#.....##..§§...#*,,,,,*,*,*
#...##.......##.§§..##,,,,,,,**,,
#...#.........#§§...#,,,,,,,,,*,,
#...#.........#&###§#,,,,,,,,,*,,
#.#.#.........##@§§##,,,,,,,,,*,*
#...####'''#########****+++****,,
#...........#,*,*,*,*,*,,,,,,,,,,
#......#...#.#,*,*,*,*,*,,,*,,,,,
##..#.........#,*,*,*,,,,,,,,,*,,
#.....#...#...#,*,*,,,*,,,*,,,,,
##...........#.*,*,*,,,,,,,,,,,*
##...#...#.#.*,*,*,*,*,,,*,,,**
###......#.*,*,*,*,*,,,,,,***


You could see Gloorx Vloq.

Vanquished Creatures
  An ancient lich (Zig:10)
  7 pandemonium lords
  Margery (Vaults:4)
  Saint Roka (Elf:2)
  2 caustic shrikes (Zig:8)
  Mara (Vaults:2)
  3 golden dragons
  Jory (Vaults:4)
  2 bone dragons
  the Enchantress (Depths:5)
  The ghost of kroki the Evocator, a mighty MiBe of Makhleb (Vaults:5)
  2 Brimstone Fiends (Pan)
  3 Ice Fiends (Pan)
  2 Hell Sentinels (Pan)
  10 tentacled monstrosities
  A quicksilver dragon (Vaults:5)
  4 deep elf blademasters
  4 liches
  4 deep elf master archers
  7 titans
  6 tentacled starspawn
  19 Executioners (Pan)
  3 sphinxes
  10 acid blobs (Slime:6)
  3 octopode crushers (Depths:2)
  An ancient champion (Depths:4)
  3 tengu reavers
  9 shadow dragons
  5 blood saints (Pan)
  3 azure jellies
  8 fire giants
  A draconian monk (Zig:5)
  Ilsuiw (Shoals:5)
  10 storm dragons
  4 frost giants
  Maud (Lair:5)
  An orc warlord (Depths:4)
  2 draconian knights
  5 ghost moths
  7 emperor scorpions
  An iron dragon (Vaults:5)
  9 cacodemons (Pan)
  8 vault wardens
  A curse skull (Pan)
  11 deep elf sorcerers
  3 balrugs
  Gastronok (Lair:3)
  4 spriggan defenders
  2 draconian zealots (Zot:3)
  A war gargoyle (Pan)
  10 reapers (Pan)
  16 stone giants
  13 ironheart preservers
  3 warmongers (Pan)
  A draconian shifter (Depths:5)
  5 deep elf demonologists
  A stone giant (shapeshifter) (Vaults:5)
  8 very ugly things
  2 draconian callers
  A grey draconian (Depths:5)
  11 deep elf annihilators
  3 green draconians
  A vampire knight (Depths:4)
  3 corrupters (Pan)
  2 black draconians
  3 dire elephants
  A red draconian (Depths:5)
  A white draconian (Zot:2)
  10 small abominations
  4 pale draconians
  6 chaos champions
  2 yellow draconians
  An eidolon (Abyss:5)
  3 lorocyprocas (Pan)
  A purple draconian (Zot:1)
  4 black suns (Pan)
  4 death oozes (Slime:6)
  6 green deaths (Pan)
  5 merfolk javelineers
  16 blizzard demons (Pan)
  A merfolk impaler (Depths:2)
  4 minotaurs
  8 ettins
  9 deep elf high priests
  6 deep elf death magi
  10 great orbs of eyes
  24 yaktaur captains
  6 fire dragons
  A quicksilver dragon zombie (Abyss:5)
  34 vault guards
  Fannar (Lair:7)
  A hell beast (Pan)
  5 ice dragons
  6 rakshasas
  A death cob (Zot:1)
  5 monstrous demonspawn (Pan)
  7 hydras
  2 merfolk avatars
  An anaconda (shapeshifter) (Depths:4)
  3 spriggan air magi
  Erica (Orc:3)
  3 centaur warriors
  5 merfolk aquamancers
  5 deep troll earth magi
  6 ogre magi
  A dancing weapon (Vaults:5)
  17 death yaks
  6 deep troll shamans
  5 spriggan berserkers
  6 holy swine (Pan)
  2 orc high priests
  A vampire mage (D:15)
  2 thrashing horrors (Abyss:5)
  A death yak (shapeshifter) (Zig:7)
  A hell hog (Abyss:5)
  A naga sharpshooter (Zig:2)
  2 catoblepae
  3 sun demons (Pan)
  13 hell knights
  11 deep elf knights
  4 fire crabs
  7 soul eaters (Pan)
  4 wretched stars (Abyss:5)
  15 skeletal warriors
  7 shadow wraiths
  An infernal demonspawn (Pan)
  A spatial maelstrom (Abyss:5)
  8 ice devils
  5 shadow demons (Pan)
  3 unseen horrors
  2 giant orange brains
  26 starcursed masses (Abyss:5)
  11 torturous demonspawn (Pan)
  2 flayed ghosts (Depths:4)
  7 deep elf summoners
  11 putrid demonspawn (Pan)
  2 lindwurms
  14 deep trolls
  6 hill giants
  A hill giant (shapeshifter) (Vaults:5)
  12 ironbrand convokers
  9 deep elf conjurers
  17 necromancers
  9 gelid demonspawn (Pan)
  12 orc knights
  13 harpies
  24 wolf spiders
  5 griffons
  24 ugly things
  The ghost of Speissi the Archer, an experienced CeHu of Okawaru (D:6)
  5 cyclopes
  11 orb spiders
  A faun (Shoals:2)
  3 phantasmal warriors
  A water nymph (shapeshifter) (Depths:4)
  5 oklob plants (Lair:7)
  18 sixfirhies
  A shining eye (Slime:1)
  A draconian (shapeshifter) (Abyss:5)
  7 orc sorcerers
  A mana viper (shapeshifter) (Depths:4)
  A sphinx skeleton (Vaults:4)
  7 manticores
  8 hornets
  3 sirens
  2 stone giant skeletons (Pan)
  8 elephants
  9 moths of wrath
  3 water nymphs
  A worldbinder (Abyss:1)
  2 eyes of devastation (Slime:6)
  2 apocalypse crabs (Zig:7)
  9 vault sentinels
  A guardian serpent (shapeshifter) (Depths:4)
  2 spriggan zombies (D:15)
  A spiny frog (shapeshifter) (Vaults:3)
  2 guardian serpents (Depths:3)
  7 spiny frogs
  4 black mambas
  5 hellions
  4 rust devils
  3 centaur skeletons
  A gargoyle (D:15)
  An orange crystal statue (Zig:6)
  29 orange demons (Pan)
  2 torpor snails
  2 queen ants (shapeshifter) (Vaults:5)
  An elf (shapeshifter) (Vaults:1)
  A komodo dragon (shapeshifter) (Vaults:5)
  67 yaktaurs
  2 tengu conjurers (D:15)
  15 demonic crawlers
  35 smoke demons
  An anaconda simulacrum (Pan)
  13 komodo dragons
  4 fire drakes
  3 tormentors
  4 efreet
  A yaktaur (shapeshifter) (Vaults:5)
  A kobold demonologist (D:15)
  3 freezing wraiths
  2 spriggan druids (Lair:8)
  26 hellwings
  11 merfolk
  2 two-headed ogres (shapeshifter)
  15 deep elf priests
  13 red devils
  2 queen bees
  3 ancient zymes (Abyss:5)
  A polar bear (shapeshifter) (Depths:3)
  11 polar bears
  A wind drake (Depths:5)
  Grinder (D:6)
  A frost giant simulacrum (Pan)
  4 boulder beetles
  A raiju (shapeshifter) (Vaults:4)
  5 trolls
  13 two-headed ogres
  2 ravens
  9 jumping spiders
  20 blink frogs
  5 blue devils
  3 ettin zombies
  41 slime creatures
  13 raiju
  3 snapping turtles
  5 basilisks
  18 trapdoor spiders
  14 water elementals
  A vampire (Pan)
  19 deep elf magi
  15 tarantellas
  35 redbacks
  11 spriggans
  A shadow (D:15)
  A basilisk (shapeshifter) (Zig:9)
  A redback (shapeshifter) (Depths:4)
  6 golden eyes
  8 hungry ghosts
  A wraith (Pan)
  A tarantella (shapeshifter) (Depths:4)
  A wyvern (D:15)
  13 ynoxinuls
  15 yaks
  Eustachio (D:9)
  A raven zombie (D:15)
  10 neqoxecs
  7 wargs
  30 deep elf fighters
  17 humans (D:14)
  44 large abominations
  A steam dragon (D:10)
  3 human zombies
  6 vampire mosquitoes
  29 wolves
  12 hippogriffs
  4 chaos spawn
  15 water moccasins
  A mottled dragon (D:11)
  A black bear (shapeshifter) (Vaults:1)
  An ettin simulacrum (Vaults:4)
  31 spiders
  A spiny frog skeleton (Pan)
  2 eyes of draining (Slime:6)
  6 wasps
  2 sky beasts
  A dwarf (shapeshifter) (Vaults:1)
  18 porcupines
  41 orc warriors
  6 centaurs
  6 ice beasts
  2 necrophages
  A snapping turtle skeleton (Pan)
  12 crocodiles
  A phantom (Zig:4)
  3 black bears (Lair:8)
  26 ogres
  3 boggarts (Vaults:3)
  2 boring beetles (Spider:5)
  15 giant frogs
  A lost soul (Elf:3)
  2 yaktaur zombies
  4 electric eels
  A big kobold (D:15)
  8 scorpions
  10 wights
  37 killer bees
  2 elf skeletons
  3 crimson imps
  A giant frog zombie (D:12)
  A quasit (Pan)
  5 iron imps
  30 orc priests
  13 hounds
  8 iguanas
  13 jellies
  5 centaur zombies
  47 orc wizards
  12 hell rats
  4 worker ants
  46 sheep
  A hound skeleton (D:10)
  2 hound zombies
  Terence (D:2)
  3 gnolls (D:7)
  21 adders
  51 river rats
  A shadow imp (D:10)
  A giant mite (D:7)
  12 white imps (Lair:1)
  3 worms (D:4)
  2 giant eyeballs (Depths:4)
  25 ufetubi
  An ooze (D:3)
  190 orcs
  7 bats
  2 bat skeletons
  A bat zombie (D:8)
  A giant cockroach (D:5)
  16 hobgoblins
  3 jackals (D:1)
  14 quokkas
  A ball python (D:4)
  A giant cockroach zombie (D:5)
  4 giant geckos
  A giant gecko skeleton (D:6)
  A giant newt (D:4)
  A giant spore (D:11)
  15 goblins
  A jackal skeleton (D:4)
  9 kobolds
  A lurking horror (Abyss:5)
  16 orc zombies
  A quokka zombie (D:5)
  13 rats
  A rat zombie (D:10)
  A ballistomycete (D:11)
  3 butterflies
  6 crawling corpses
  4 fungi
  7 grand avatars (Pan)
  8 plants
  8 starspawn tentacles
2612 creatures vanquished.

Vanquished Creatures (collateral kills)
  A deep elf master archer (Zig:9)
  Rupert (Lair:5)
  Frances (Shoals:5)
  Aizul (Elf:2)
  Snorg (Lair:5)
  4 hydras
  A sea snake (Shoals:5)
  A deep elf conjurer (Zig:9)
  A manticore (Shoals:5)
  A black mamba (Lair:1)
  A komodo dragon (Lair:2)
  A deep elf priest (Zig:9)
  A deep elf mage (Zig:9)
  A redback (Zig:9)
  A neqoxec (Lair:3)
  2 wolves (Lair:1)
  3 killer bees (D:8)
  A hell rat (Zig:9)
  3 sheep (Lair:2)
  2 adders
  A hobgoblin (D:8)
30 creatures vanquished.

Vanquished Creatures (others)
  A pandemonium lord (Pan)
  An Executioner (Pan)
  29 spectral weapons
  A deep elf demonologist (Zig:3)
  A lorocyproca (Pan)
  A merfolk impaler (Shoals:5)
  2 deep elf high priests
  A thrashing horror (Abyss:5)
  A sixfirhy (Zig:3)
  6 drowned souls (Shoals:3)
  3 air elementals (Pan)
  4 smoke demons
  An orange demon (Lair:2)
  2 hellwings (Pan)
  A yaktaur (Vaults:4)
  A fire elemental (Elf:3)
  A large abomination (Abyss:5)
  A tarantella (Spider:5)
  2 ynoxinuls
  A chaos spawn (Abyss:5)
  3 deep elf fighters
  A deep elf mage (Depths:4)
  A human (D:14)
  A human zombie (Vaults:4)
  A spider (Spider:5)
  3 killer bees (D:8)
  A wasp (D:10)
  A lost soul (Vaults:2)
  A small abomination (Abyss:5)
  A giant frog (D:13)
  An orc wizard (D:15)
  5 sheep (D:8)
  4 ufetubi
  An adder zombie (D:8)
  A goblin (Elf:3)
  A kobold (Elf:3)
  A bush (D:15)
  8 fungi
  6 plants
  9 starspawn tentacles
  176 starspawn tentacle segments (Abyss:5)
  4 toadstools (D:1)
292 creatures vanquished.

Grand Total: 2934 creatures vanquished

Notes
Turn   | Place    | Note
--------------------------------------------------------------
     0 | D:1      | timbw, the Vampire Fighter, began the quest for the Orb.
     0 | D:1      | Reached XP level 1. HP: 17/17 MP: 1/1
    80 | D:2      | Reached XP level 2. HP: 10/23 MP: 2/2
   271 | D:2      | Reached skill level 3 in Axes
   271 | D:2      | Reached XP level 3. HP: 28/28 MP: 3/3
   277 | D:2      | Noticed Terence
   290 | D:2      | Killed Terence
   506 | D:4      | Found a glowing silver altar of Zin.
   536 | D:4      | Reached XP level 4. HP: 29/34 MP: 4/4
   555 | D:4      | Reached skill level 4 in Axes
   715 | D:3      | Reached XP level 5. HP: 3/39 MP: 5/5
   888 | D:4      | Reached skill level 5 in Axes
   942 | D:4      | Noticed Sigmund
   958 | D:5      | Entered Level 5 of the Dungeon
   982 | D:5      | Noticed an ogre
  1001 | D:5      | Killed an ogre
  1045 | D:5      | Reached XP level 6. HP: 10/46 MP: 6/6
  1248 | D:5      | Noticed a centaur
  1311 | D:4      | Reached skill level 6 in Axes
  1322 | D:4      | Found a shadowy altar of Dithmenos.
  1324 | D:4      | Found an iron altar of Okawaru.
  1324 | D:4      | Found a glowing golden altar of the Shining One.
  1329 | D:4      | Found a stormy altar of Qazlal.
  1514 | D:5      | Killed a centaur
  1514 | D:5      | Reached skill level 1 in Dodging
  1625 | D:6      | Found a burning altar of Makhleb.
  1638 | D:6      | Became a worshipper of Makhleb the Destroyer
  1763 | D:6      | Noticed Grinder
  1773 | D:6      | Paralysed by Grinder for 3 turns
  1798 | D:6      | Killed Grinder
  1798 | D:6      | Reached XP level 7. HP: 49/52 MP: 7/7
  1879 | D:6      | Reached skill level 7 in Axes
  1929 | D:6      | Acquired Makhleb's first power
  1970 | D:6      | Noticed Speissi's ghost (experienced CeHu)
  1996 | D:6      | Killed Speissi's ghost
  1996 | D:6      | Reached XP level 8. HP: 53/61 MP: 8/8
  2107 | D:7      | Reached skill level 8 in Axes
  2286 | D:7      | Found a staircase to the Ecumenical Temple.
  2421 | D:7      | Acquired Makhleb's second power
  2506 | D:8      | Found a shimmering altar of Xom.
  2538 | D:8      | Reached skill level 5 in Fighting
  2739 | D:9      | Noticed a troll
  2783 | D:9      | Noticed a hill giant
  2783 | D:9      | Killed a troll
  2783 | D:9      | Reached skill level 5 in Dodging
  3021 | D:8      | Reached XP level 9. HP: 63/68 MP: 9/9
  3121 | D:9      | Reached skill level 9 in Axes
  3340 | D:8      | Reached skill level 1 in Invocations
  3371 | D:7      | Acquired Makhleb's third power
  3438 | D:8      | Found a radiant altar of Vehumet.
  3542 | D:8      | Noticed a two-headed ogre
  3555 | D:8      | Killed a two-headed ogre
  3729 | D:10     | Entered Level 10 of the Dungeon
  3808 | D:9      | Acquired Makhleb's fourth power
  3958 | D:9      | Reached skill level 10 in Axes
  3967 | D:9      | Found a staircase to the Lair.
  4021 | D:9      | Found a blossoming altar of Fedhas.
  4069 | D:9      | Noticed Eustachio
  4085 | D:9      | Reached XP level 10. HP: 76/76 MP: 13/15
  4095 | D:9      | Killed Eustachio
  4153 | Lair:1   | Entered Level 1 of the Lair of Beasts
  4259 | Lair:1   | Acquired Makhleb's fifth power
  4276 | Lair:1   | Found a frozen archway.
  4293 | IceCv    | Entered an ice cave
  4398 | Lair:1   | Found a dark tunnel.
  4403 | Volcano  | Entered a volcano
  4673 | Lair:1   | Noticed a black mamba
  4680 | Lair:1   | Killed a black mamba
  5181 | Lair:2   | Noticed an eight-headed hydra
  5393 | Lair:3   | Reached skill level 11 in Axes
  5594 | Lair:3   | Noticed Gastronok
  5628 | Lair:3   | Gained mutation: You are weak. (Str -2) [a neqoxec]
  5641 | Lair:3   | Killed Gastronok
  5641 | Lair:3   | Reached XP level 11. HP: 53/84 MP: 19/19
  5897 | Lair:3   | Reached skill level 5 in Invocations
  6042 | Lair:3   | Noticed a black mamba
  6052 | Lair:3   | Killed a black mamba
  6393 | Lair:4   | Reached skill level 1 in Evocations
  6420 | Lair:4   | Noticed a lindwurm
  6439 | Lair:4   | Killed a lindwurm
  6459 | Lair:4   | Noticed a five-headed hydra
  6479 | Lair:4   | Killed a five-headed hydra
  6764 | Lair:4   | Reached skill level 12 in Axes
  6971 | Lair:5   | Noticed Rupert
  7439 | Lair:5   | Found a hole to the Spider Nest.
  7482 | Lair:5   | Noticed Snorg
  7498 | Lair:5   | Killed Snorg
  7498 | Lair:5   | Reached XP level 12. HP: 61/94 MP: 20/20
  7763 | Lair:6   | Identified a scroll of acquirement
  8255 | Lair:7   | Noticed a six-headed hydra
  8408 | Lair:7   | Noticed Fannar
  8457 | Lair:7   | Killed Fannar
  8525 | Lair:7   | Reached skill level 13 in Axes
  8612 | Lair:7   | Reached skill level 10 in Dodging
  8612 | Lair:7   | Reached skill level 5 in Evocations
  8820 | Lair:7   | Noticed a four-headed hydra
  9191 | Lair:8   | Entered Level 8 of the Lair of Beasts
  9198 | Lair:8   | Reached XP level 13. HP: 101/101 MP: 21/21
  9354 | Lair:8   | Reached skill level 14 in Axes
  9475 | Lair:8   | Noticed a four-headed hydra
  9485 | Lair:8   | Killed a four-headed hydra
  9497 | Lair:8   | Noticed a six-headed hydra
  9499 | Lair:8   | Noticed a six-headed hydra
  9504 | Lair:8   | Killed a six-headed hydra
  9505 | Lair:8   | Killed a six-headed hydra
  9633 | Lair:8   | Reached skill level 10 in Fighting
 10347 | Lair:8   | Noticed a six-headed hydra
 10376 | Lair:8   | Killed a seven-headed hydra
 10422 | Lair:8   | Noticed a seven-headed hydra
 10431 | Lair:8   | Killed a five-headed hydra
 10560 | Lair:7   | Killed a two-headed hydra
 10560 | Lair:7   | Reached skill level 15 in Axes
 11192 | Lair:2   | Killed a six-headed hydra
 11192 | Lair:2   | Reached XP level 14. HP: 97/111 MP: 22/22
 11554 | D:10     | Found Hethryda's Antique Armour Shop.
 11581 | D:10     | Bought a pair of runed gloves for 139 gold pieces
 11581 | D:10     | Bought a pair of embroidered boots for 139 gold pieces
 11632 | D:10     | Got a brightly glowing war axe
 11633 | D:10     | Identified the cursed -1 war axe of Soaxkano {antimagic, rF+ Str+4 Int-2} (You found it on level 10 of the Dungeon)
 12079 | D:11     | Found a staircase to the Orcish Mines.
 12091 | Orc:1    | Entered Level 1 of the Orcish Mines
 12091 | Orc:1    | Found Vediess' Antique Armour Shop.
 12095 | Orc:1    | Bought an embroidered cloak for 117 gold pieces
 12113 | Orc:1    | Bought a runed cloak for 117 gold pieces
 12674 | Orc:3    | Found a staircase to the Elven Halls.
 12906 | Orc:4    | Entered Level 4 of the Orcish Mines
 13071 | Orc:3    | Noticed Erica
 13084 | Orc:3    | Killed Erica
 13136 | Orc:3    | Found a roughly hewn altar of Beogh.
 13364 | Elf:1    | Entered Level 1 of the Elven Halls
 13410 | Orc:4    | Found Mnoiciv's Assorted Antiques.
 13676 | Orc:4    | Found Soffas' Jewellery Shop.
 13692 | Orc:4    | Found Catratzo's Armour Boutique.
 13692 | Orc:4    | Found Vudalumug's Jewellery Shop.
 13695 | Orc:4    | Found Mnotinot's Magic Scroll Boutique.
 13920 | Orc:4    | Bought a +3 ring of evasion for 273 gold pieces
 13921 | Orc:4    | Bought the ring "Giosi" {rPois rF+ rC+ MP+9 Dex+2} for 592 gold pieces
 13925 | Orc:4    | Bought the ring of Zin's Outrage {rF+ Stlth+} for 417 gold pieces
 13929 | Orc:4    | Bought an uncursed ring of teleport control for 650 gold pieces
 14132 | Elf:2    | Noticed Saint Roka
 14458 | Elf:2    | Noticed Aizul
 14483 | Elf:2    | Killed Aizul
 14688 | Elf:3    | Entered Level 3 of the Elven Halls
 14719 | Elf:3    | Noticed a deep elf sorcerer
 14794 | Elf:3    | Reached skill level 16 in Axes
 14851 | Elf:3    | Noticed a deep elf sorcerer
 14874 | Elf:3    | Killed a deep elf sorcerer
 14893 | Elf:3    | Got a translucent turquoise ring
 14895 | Elf:3    | Identified the ring "Ymium" {rC+ rN++ Str-4 Slay-3 SInv} (You took it off a deep elf sorcerer on level 3 of the Elven Halls)
 14943 | Elf:3    | Noticed a deep elf blademaster
 14968 | Elf:3    | Killed a deep elf blademaster
 15035 | Elf:3    | Reached XP level 15. HP: 98/119 MP: 10/23
 15069 | Elf:3    | Reached skill level 5 in Armour
 15082 | Elf:3    | Noticed a deep elf sorcerer
 15097 | Elf:3    | Killed a deep elf sorcerer
 15203 | Elf:3    | Noticed a deep elf sorcerer
 15211 | Elf:3    | Noticed a deep elf master archer
 15213 | Elf:3    | Noticed a deep elf blademaster
 15265 | Elf:3    | Killed a deep elf blademaster
 15275 | Elf:3    | Killed a deep elf master archer
 15287 | Elf:3    | Cast into the Abyss (a deep elf sorcerer)
 15498 | Abyss:2  | Found a corrupted altar of Lugonu.
 15609 | Elf:3    | Escaped the Abyss
 15622 | Elf:3    | Killed a deep elf sorcerer
 15643 | Elf:3    | Noticed a deep elf blademaster
 15672 | Elf:3    | Killed a deep elf blademaster
 15681 | Elf:3    | Noticed a deep elf sorcerer
 15723 | Elf:3    | Killed a deep elf sorcerer
 15741 | Elf:3    | Noticed a deep elf sorcerer
 15797 | Elf:3    | Killed a deep elf sorcerer
 16012 | Elf:3    | Noticed a deep elf master archer
 16339 | Elf:3    | Killed a deep elf master archer
 16339 | Elf:3    | Reached skill level 17 in Axes
 16482 | Elf:3    | Noticed a deep elf sorcerer
 16489 | Elf:3    | Cast into the Abyss (a deep elf sorcerer)
 16489 | Abyss:1  | Found a corrupted altar of Lugonu.
 16599 | Elf:3    | Escaped the Abyss
 16608 | Elf:3    | Killed a deep elf sorcerer
 16632 | Elf:3    | Identified the Collected Works on Creative Battle Magic
 16649 | Elf:3    | Learned a level 3 spell: Passwall
 16652 | Elf:3    | Learned a level 2 spell: Swiftness
 16657 | Elf:3    | Learned a level 4 spell: Passage of Golubria
 16749 | Elf:3    | Killed a deep elf sorcerer
 16803 | Elf:3    | Noticed a deep elf sorcerer
 16820 | Elf:3    | Cast into the Abyss (a deep elf sorcerer)
 16831 | Abyss:1  | Learned a level 1 spell: Apportation
 16833 | Abyss:1  | Learned a level 1 spell: Animate Skeleton
 16860 | Elf:3    | Escaped the Abyss
 16864 | Elf:3    | Killed a deep elf sorcerer
 17191 | Elf:2    | Killed Saint Roka
 17222 | Elf:2    | Reached XP level 16. HP: 83/127 MP: 24/24
 17254 | Elf:1    | Noticed a deep elf sorcerer
 17374 | Orc:4    | Bought a scroll of fear for 35 gold pieces
 17374 | Orc:4    | Bought a scroll of blinking for 75 gold pieces
 17374 | Orc:4    | Bought a scroll of identify for 20 gold pieces
 17374 | Orc:4    | Bought a scroll of identify for 20 gold pieces
 17374 | Orc:4    | Bought a scroll of vulnerability for 75 gold pieces
 17374 | Orc:4    | Bought a scroll of magic mapping for 35 gold pieces
 17374 | Orc:4    | Bought a scroll of magic mapping for 35 gold pieces
 17374 | Orc:4    | Bought a scroll of magic mapping for 35 gold pieces
 17374 | Orc:4    | Bought a scroll of identify for 20 gold pieces
 17374 | Orc:4    | Bought a scroll of identify for 20 gold pieces
 17374 | Orc:4    | Bought a scroll of identify for 20 gold pieces
 17882 | Lair:5   | Killed Rupert
 17928 | Lair:5   | Found a staircase to the Shoals.
 17945 | Shoals:1 | Entered Level 1 of the Shoals
 18313 | Shoals:5 | Entered Level 5 of the Shoals
 18458 | Shoals:5 | Noticed Frances
 18473 | Shoals:5 | Killed Frances
 18564 | Shoals:5 | Found Tumodua's Assorted Antiques.
 18574 | Shoals:5 | Bought a scroll of teleportation for 123 gold pieces
 18574 | Shoals:5 | Bought a potion of heal wounds for 205 gold pieces
 18668 | Shoals:5 | Noticed Ilsuiw
 18668 | Shoals:5 | Found Cigiadeu's General Store.
 18751 | Shoals:5 | Killed Ilsuiw
 18833 | Shoals:5 | Bought a scroll of enchant armour for 90 gold pieces
 18833 | Shoals:5 | Bought a scroll of magic mapping for 42 gold pieces
 18915 | Shoals:5 | Reached skill level 18 in Axes
 18998 | Shoals:5 | Got a barnacled rune of Zot
 19205 | Lair:5   | Noticed Maud
 19237 | Lair:5   | Killed Maud
 19262 | Spider:1 | Entered Level 1 of the Spider Nest
 19744 | Spider:5 | Entered Level 5 of the Spider Nest
 19896 | Spider:5 | Reached skill level 10 in Evocations
 19975 | Spider:5 | Reached XP level 17. HP: 131/134 MP: 30/30
 20407 | Spider:5 | Got a gossamer rune of Zot
 21162 | Lair:7   | Found a staircase to the Slime Pits.
 21278 | Slime:1  | Entered Level 1 of the Pits of Slime
 21558 | Slime:1  | Gained mutation: You occasionally shout uncontrollably at your foes. [a shining eye]
 21658 | Slime:6  | Entered Level 6 of the Pits of Slime
 21853 | Slime:6  | Found a viscous altar of Jiyva.
 21855 | Slime:6  | Noticed the royal jelly
 21888 | Slime:6  | Reached skill level 19 in Axes
 21890 | Slime:6  | Noticed a titan shaped Royal Jelly
 21890 | Slime:6  | the royal jelly changed into a titan shaped Royal Jelly
 21896 | Slime:6  | Killed a titan shaped Royal Jelly
 21974 | Slime:6  | Identified a +3 rod of clouds (12/12) (You found it on level 6 of the Pits of Slime)
 21982 | Slime:6  | Got a slimy rune of Zot
 22027 | Slime:6  | Identified Khygh's Volume of Beguiling and the Blaze (You found it on level 6 of the Pits of Slime)
 22063 | Slime:6  | Identified the Incunabulum of Nocuous Battle Magic (You found it on level 6 of the Pits of Slime)
 22445 | D:12     | Found a labyrinth entrance.
 22461 | Lab      | Entered a labyrinth
 22568 | Lab      | Reached XP level 18. HP: 144/144 MP: 33/33
 23049 | D:14     | Found a gate to the Vaults.
 23076 | Vaults:1 | Entered Level 1 of the Vaults
 23230 | Vaults:1 | Reached skill level 20 in Axes
 23344 | Vaults:2 | Found a staircase to the Crypt.
 23344 | Vaults:2 | Found an ancient bone altar of Kikubaaqudgha.
 23345 | Vaults:2 | Found a basalt altar of Yredelemnul.
 23722 | Vaults:3 | Reached skill level 15 in Fighting
 23722 | Vaults:3 | Reached skill level 21 in Axes
 24119 | Vaults:4 | Reached XP level 19. HP: 157/157 MP: 33/33
 24216 | Vaults:4 | Found a flickering gateway to a bazaar.
 24220 | Vaults:4 | Found Cur Luuxku's Jewellery Emporium.
 24258 | Bazaar   | Entered a bazaar
 24285 | Bazaar   | Found Mnotaot's Gadget Emporium.
 24302 | Bazaar   | Found Stygeyt's Antique Weapon Emporium.
 24302 | Bazaar   | Found Phual's General Store.
 24323 | Bazaar   | Found Ingaq Wuu's Gadget Emporium.
 24323 | Bazaar   | Found Wuzau's Distillery.
 24352 | Bazaar   | Bought a potion of resistance for 180 gold pieces
 24352 | Bazaar   | Bought a potion of curing for 54 gold pieces
 24352 | Bazaar   | Bought 2 potions of curing for 108 gold pieces
 24352 | Bazaar   | Bought a potion of curing for 54 gold pieces
 24352 | Bazaar   | Bought a potion of might for 72 gold pieces
 24352 | Bazaar   | Bought a potion of flight for 54 gold pieces
 24366 | Bazaar   | Bought a scroll of enchant weapon for 90 gold pieces
 24366 | Bazaar   | Bought a scroll of blinking for 90 gold pieces
 24419 | Vaults:4 | Noticed Jory
 24594 | Vaults:4 | Noticed Margery
 24607 | Vaults:4 | Killed Margery
 24692 | Vaults:5 | Entered Level 5 of the Vaults
 24769 | Vaults:5 | Reached skill level 22 in Axes
 25101 | Vaults:5 | HP: 3/159 [ettin/dire flail (36)]
 25103 | Vaults:5 | Noticed kroki's ghost (mighty MiBe)
 25196 | Vaults:4 | Killed Jory
 25630 | Vaults:5 | Killed kroki's ghost
 25630 | Vaults:5 | Reached XP level 20. HP: 167/167 MP: 34/34
 25752 | Vaults:5 | Reached skill level 23 in Axes
 26128 | Vaults:5 | Learned a level 3 spell: Spectral Weapon
 26149 | Vaults:5 | Identified a +5 rod of inaccuracy (13/13) (You found it on level 5 of the Vaults)
 26215 | Vaults:5 | Noticed a golden dragon
 26235 | Vaults:5 | Killed a golden dragon
 26636 | Vaults:5 | Learned a level 2 spell: Blink
 26641 | Vaults:5 | Got a silver rune of Zot
 27187 | Vaults:3 | Found Cautaol's Distillery.
 27195 | Vaults:3 | Bought a potion of agility for 64 gold pieces
 27195 | Vaults:3 | Bought a potion of agility for 64 gold pieces
 27195 | Vaults:3 | Bought 2 potions of agility for 128 gold pieces
 27195 | Vaults:3 | Bought a potion of haste for 160 gold pieces
 27287 | Vaults:3 | Identified a +2 rod of inaccuracy (14/14) (You took it off a minotaur in a labyrinth)
 27395 | Vaults:2 | Reached skill level 24 in Axes
 27415 | Vaults:2 | Noticed Mara
 27420 | Vaults:2 | Noticed timbw's illusion
 27438 | Vaults:2 | Killed Mara
 27717 | Vaults:1 | Reached XP level 21. HP: 175/175 MP: 35/35
 27966 | D:15     | Entered Level 15 of the Dungeon
 28159 | D:15     | Found a staircase to the Depths.
 28183 | Depths:1 | Entered Level 1 of the Depths
 28221 | Depths:1 | Found a gateway to Hell.
 28222 | Depths:1 | Found a one-way gate leading to the halls of Pandemonium.
 28388 | Depths:1 | Found Juonuor's Assorted Antiques.
 28397 | Depths:1 | Bought a leatherbound book for 525 gold pieces
 28511 | Depths:2 | Reached skill level 25 in Axes
 28953 | Depths:2 | Got a brightly glowing cloak
 28967 | Depths:2 | Identified the +0 cloak "Huviudul" {rF+ rN+ MR+ Int-2 Dex+4} (You found it on level 2 of the Depths)
 29195 | Depths:2 | Found a corrupted altar of Lugonu.
 29420 | Depths:3 | Found Gozag's Assorted Antiques.
 29424 | Depths:3 | Found an opulent altar of Gozag.
 29424 | Depths:3 | Found Gozag's Antique Weapon Shoppe.
 29427 | Depths:3 | Found Gozag's Antique Armour Emporium.
 29876 | Depths:4 | Found a one-way gate to the infinite horrors of the Abyss.
 29893 | Depths:4 | Paralysed by a giant eyeball for 2 turns
 29901 | Depths:4 | Paralysed by a giant eyeball for 3 turns
 30012 | Depths:4 | Paralysed by a sphinx for 5 turns
 30030 | Depths:4 | Reached XP level 22. HP: 182/182 MP: 35/35
 30104 | Depths:4 | Reached skill level 26 in Axes
 30121 | Depths:4 | Learned a level 5 spell: Phase Shift
 30177 | Depths:4 | Found a stormy altar of Qazlal.
 30187 | Depths:4 | Reached skill level 1 in Hexes
 30237 | Depths:4 | Got a wavering amber ring
 30238 | Depths:4 | Identified the ring of Yrphil Smass {MR+ Int-3 Dex+9 Slay+3} (You found it on level 4 of the Depths)
 30267 | Depths:4 | Reached skill level 1 in Translocations
 30270 | Depths:4 | Reached skill level 1 in Spellcasting
 30291 | Depths:4 | Found a gateway to a ziggurat.
 30309 | Depths:4 | Reached skill level 1 in Charms
 30330 | Zig:1    | Entered Level 1 of a ziggurat
 30349 | Zig:2    | Entered Level 2 of a ziggurat
 30454 | Zig:3    | Entered Level 3 of a ziggurat
 30487 | Zig:4    | Entered Level 4 of a ziggurat
 30519 | Zig:4    | Got a transparent bone ring
 30520 | Zig:4    | Identified the ring "Qeoketz" {Fire MP+9 Str+3 Dex-3 Slay+3} (You found it on level 4 of a ziggurat)
 30528 | Zig:5    | Entered Level 5 of a ziggurat
 30579 | Zig:5    | Reached XP level 23. HP: 163/188 MP: 36/36
 30591 | Zig:5    | Got a faintly glowing tin ring
 30592 | Zig:5    | Identified the ring of Iwuawn {SustAb rN+ Int+3} (You found it on level 5 of a ziggurat)
 30600 | Zig:6    | Entered Level 6 of a ziggurat
 30733 | Zig:7    | Entered Level 7 of a ziggurat
 30738 | Zig:7    | Noticed Schouh the pandemonium lord
 30771 | Zig:7    | Killed Schouh the pandemonium lord
 30789 | Zig:8    | Entered Level 8 of a ziggurat
 30866 | Zig:8    | Got a brightly glowing diamond amulet
 30867 | Zig:8    | Identified the amulet of Wuefijeos {Faith rElec rF- Int+3 Dex+3} (You found it on level 8 of a ziggurat)
 30874 | Zig:8    | Got a scintillating wooden ring
 30875 | Zig:8    | Identified the ring of Nekh {+Blink +Fly EV+2} (You found it on level 8 of a ziggurat)
 30882 | Zig:9    | Entered Level 9 of a ziggurat
 30925 | Zig:9    | Reached skill level 5 in Hexes
 30964 | Zig:10   | Entered Level 10 of a ziggurat
 30974 | Zig:10   | Noticed an ancient lich
 30989 | Zig:10   | Killed an ancient lich
 31012 | Depths:4 | Reached skill level 15 in Dodging
 31012 | Depths:4 | Reached skill level 5 in Spellcasting
 31012 | Depths:4 | Reached XP level 24. HP: 43/195 MP: 36/36
 31013 | Depths:4 | Reached skill level 5 in Translocations
 31013 | Depths:4 | Reached XP level 25. HP: 45/202 MP: 37/37
 31253 | Depths:4 | Got a shimmering tin ring
 31254 | Depths:4 | Identified the ring "Kuw Khuv" {+Inv Int+2} (You found it on level 4 of the Depths)
 31366 | Depths:4 | Reached skill level 5 in Charms
 31461 | Depths:5 | Entered Level 5 of the Depths
 31497 | Depths:5 | Reached XP level 26. HP: 186/209 MP: 37/37
 31554 | Depths:5 | Noticed the Enchantress
 31771 | Depths:5 | Killed the Enchantress
 31775 | Depths:5 | Got a faerie dragon armour
 31776 | Depths:5 | Identified the +3 faerie dragon armour {MR++} (You took it off the Enchantress on level 5 of the Depths)
 31837 | Depths:5 | Upgraded the game from 0.16-a0-4088-g7c8221e to 0.16-a0-4092-gb8933cd
 32030 | Depths:5 | Found a gate to the Realm of Zot.
 32039 | Zot:1    | Entered Level 1 of the Realm of Zot
 32134 | Zot:1    | Got a scintillating pewter ring
 32135 | Zot:1    | Identified the ring of Departure {Fire rN+ Dex+2 SInv Stlth+} (You found it on level 1 of the Realm of Zot)
 32530 | Zot:1    | Reached skill level 10 in Armour
 32718 | Zot:4    | Noticed an orb of fire
 32718 | Zot:4    | Gained mutation: You expend magic power (3 MP) to slightly strengthen your wands. [an orb of fire]
 32719 | Zot:4    | Gained mutation: You expend magic power (6 MP) to strengthen your wands. [an orb of fire]
 32744 | Zot:3    | Lost mutation: You occasionally shout uncontrollably at your foes. [potion of cure mutation]
 32744 | Zot:3    | Lost mutation: You expend magic power (6 MP) to strengthen your wands. [potion of cure mutation]
 32745 | Zot:3    | Lost mutation: You are weak. (Str -2) [potion of cure mutation]
 32745 | Zot:3    | Lost mutation: You expend magic power (3 MP) to slightly strengthen your wands. [potion of cure mutation]
 32944 | Pan      | Entered Pandemonium
 33133 | Pan      | Learned a level 2 spell: Repel Missiles
 33286 | Pan      | HP: 5/209 [Hell Sentinel/iron shot (52)]
 33354 | Pan      | Noticed Chilossust the pandemonium lord
 33727 | Pan      | Killed Chilossust the pandemonium lord
 33881 | Pan      | Found an exit through the horrors of the Abyss.
 34280 | Pan      | Reached XP level 27. HP: 215/215 MP: 38/38
 34336 | Pan      | Noticed Motuygos the pandemonium lord
 34358 | Pan      | Killed Motuygos the pandemonium lord
 34542 | Pan      | Noticed Chopu the pandemonium lord
 34549 | Pan      | Killed Chopu the pandemonium lord
 34569 | Pan      | Found an exit through the horrors of the Abyss.
 35202 | Pan      | Noticed Ehyor the pandemonium lord
 35220 | Pan      | Killed Ehyor the pandemonium lord
 35335 | Pan      | Reached skill level 10 in Translocations
 35428 | Pan      | Got a demonic rune of Zot
 35476 | Pan      | Noticed Shriuk the pandemonium lord
 35554 | Pan      | Found an exit through the horrors of the Abyss.
 35612 | Pan      | Took an exit into the Abyss.
 35612 | Abyss:1  | Escaped into the Abyss
 35612 | Abyss:1  | Found a corrupted altar of Lugonu.
 35899 | Abyss:5  | Entered Level 5 of the Abyss
 35931 | Abyss:5  | Found a shattered altar of Ashenzari.
 35973 | Abyss:5  | Found a corrupted altar of Lugonu.
 36135 | Abyss:5  | Paralysed by accursed screaming for 1 turns
 36189 | Abyss:5  | Got an abyssal rune of Zot
 36301 | Depths:3 | Escaped the Abyss
 36395 | Pan      | Entered Pandemonium
 36659 | Pan      | Found an exit through the horrors of the Abyss.
 36724 | Pan      | Noticed Ahyasaimp the pandemonium lord
 36761 | Pan      | Killed Ahyasaimp the pandemonium lord
 36761 | Pan      | Reached skill level 1 in Stealth
 36844 | Pan      | Noticed Mennas
 37023 | Pan      | Reached skill level 10 in Charms
 37226 | Pan      | Reached skill level 5 in Stealth
 37250 | Pan      | Found an exit through the horrors of the Abyss.
 37407 | Pan      | Noticed Aliala the pandemonium lord
 37416 | Pan      | Killed Aliala the pandemonium lord
 37555 | Pan      | Noticed Yrphio the pandemonium lord
 37572 | Pan      | Killed Yrphio the pandemonium lord
 37648 | Pan      | Found a huge runed gate.
 37665 | Pan      | Found an exit through the horrors of the Abyss.
 37876 | Pan      | Entered the realm of Gloorx Vloq.
 38052 | Pan      | Noticed Gloorx Vloq
 38071 | Pan      | Reached skill level 10 in Stealth
 38381 | Pan      | Got a dark rune of Zot
 38381 | Pan      | Killed from afar by Gloorx Vloq

Action                   |  1- 3 |  4- 6 |  7- 9 | 10-12 | 13-15 | 16-18 | 19-21 | 22-24 | 25-27 || total
-------------------------+-------+-------+-------+-------+-------+-------+-------+-------+-------++-------
Melee: War axe           |   103 |   178 |   344 |  1004 |  1654 |       |       |       |       ||  3283
       Executioner's axe |       |       |       |       |    13 |       |  1046 |   342 |  2145 ||  3546
       Battleaxe         |       |       |       |       |    75 |  1774 |   665 |       |       ||  2514
 Fire: Blowgun           |       |    15 |     6 |       |       |       |       |       |       ||    21
 Cast: Apportation       |       |       |       |       |       |       |       |     1 |     8 ||     9
       Spectral Weapon   |       |       |       |       |       |       |       |       |    52 ||    52
       Repel Missiles    |       |       |       |       |       |       |       |       |     6 ||     6
       Phase Shift       |       |       |       |       |       |       |       |       |     1 ||     1
Invok: Minor Destruction |       |       |     6 |       |       |       |       |       |       ||     6
       Lesser Servant of |       |       |       |    13 |     8 |     6 |     3 |       |       ||    30
 Abil: Evoke Teleport Co |       |       |       |       |       |     1 |       |       |       ||     1
       Evoke Flight      |       |       |       |       |       |       |       |       |     2 ||     2
Evoke: Wand              |       |       |     8 |     3 |    12 |    27 |     5 |       |    13 ||    68
       Lamp of fire      |       |       |       |       |     1 |     1 |       |     1 |       ||     3
       Phial of floods   |       |       |       |       |       |     1 |       |       |       ||     1
       Rod               |       |       |       |       |       |       |       |       |     1 ||     1
       Fan of gales      |       |       |       |       |       |       |       |       |     1 ||     1
  Use: Potion            |     2 |     3 |       |     3 |     6 |    19 |    10 |     5 |    15 ||    63
       Scroll            |       |     7 |     3 |    14 |    12 |    23 |    19 |    11 |    24 ||   113
 Stab: Distracted        |       |       |       |     2 |     3 |       |     2 |     1 |     7 ||    15
       Fleeing           |       |       |       |       |     2 |       |     1 |       |       ||     3
       Confused          |       |       |       |       |     1 |     1 |     1 |       |       ||     3
       Invisible         |       |       |       |       |       |     8 |     9 |       |       ||    17
       Paralysed         |       |       |       |       |       |    15 |    15 |       |       ||    30
  Eat: Corpse            |     8 |     7 |    17 |    39 |    45 |    29 |    33 |     5 |    34 ||   217
